General information
- name: BNet
- type: Ladder team game (AT/RT)
- host: Battle.net
- saver: JacobLeftUs
map: FullScaleAssault
- players: 8
- length: 77:16
- speed: Fast
- version: 1.26 W3XP
- replay type: Public
» download(367 KB)
Players
team 1 (loser)
scadinha (
teal | 49 APM | 1004 actions | 20:18)
4 Paladin
2 Holy Light
2 Devotion Aura
» actions
| Assign group hotkey | 24 | |
| Basic commands | 98 | |
| Build / train | 54 | |
| Enter build submenu | 20 | |
| Enter hero's abilities submenu | 4 | |
| Give item / drop item | 1 | |
| Right click | 217 | |
| Select / deselect | 215 | |
| Select group hotkey | 334 | |
| Use ability | 37 | |
1004 total
» units
| Peasant | 20 | |
| Footman | 7 | |
| Gryphon Rider | 5 | |
| Goblin Shredder | 1 | |
33 total
» upgrades
| Swords | 3 | |
| Armor | 4 | |
| Storm Hammers | 1 | |
| Animal War Training | 1 | |
9 total
» buildings
| Altar of Kings | 1 | |
| Farm | 12 | |
| Barracks | 1 | |
| Lumber Mill | 1 | |
| Keep | 1 | |
| Town Hall | 1 | |
| Arcane Vault | 1 | |
| Blacksmith | 1 | |
| Castle | 1 | |
| Gryphon Aviary | 3 | |
23 total
» build order
00:22 Altar of Kings
00:37 Farm
00:50 Barracks
01:08 Lumber Mill
01:15 Farm
01:48 Farm
02:37 Farm
03:11 Farm
03:49 Keep
04:36 Town Hall
04:45 Arcane Vault
05:04 Blacksmith
05:55 Farm
05:56 Farm
06:10 Castle
06:20 Gryphon Aviary
06:24 Gryphon Aviary
06:51 Gryphon Aviary
07:21 Farm
15:47 Farm
15:50 Farm
15:54 Farm
15:55 Farm
» items
| Orb of Fire | 1 | |
| Scroll of Regeneration | 2 | |
| Lesser Clarity Potion | 1 | |
| Boots of Speed | 1 | |
5 total
IDontTakeDope (
purple | 54 APM | 4208 actions | 77:16)
8 Crypt Lord
3 Carrion Beetles
2 Spiked Carapace
2 Impale
1 Locust Swarm
» actions
| Assign group hotkey | 676 | |
| Basic commands | 62 | |
| Build / train | 147 | |
| Enter build submenu | 105 | |
| Enter hero's abilities submenu | 9 | |
| Give item / drop item | 21 | |
| Remove unit from queue | 2 | |
| Right click | 1826 | |
| Select / deselect | 695 | |
| Select group hotkey | 369 | |
| Use ability | 295 | |
4208 total
» units
| Acolyte | 18 | |
| Ghoul | 5 | |
| Crypt Fiend | 2 | |
| Goblin Shredder | 3 | |
| Goblin Zeppelin | 2 | |
| Goblin Sapper | 4 | |
| Wisp | 59 | |
93 total
» upgrades
| Creature Attack | 2 | |
| Creature Carapace | 1 | |
| Ultravision | 1 | |
4 total
» buildings
| Crypt | 1 | |
| Ziggurat | 58 | |
| Altar of Darkness | 2 | |
| Graveyard | 3 | |
| Tomb of Relics | 4 | |
| Halls of the Dead | 1 | |
| Spirit Tower | 15 | |
| Black Citadel | 1 | |
| Necropolis | 3 | |
| Sacrificial Pit | 1 | |
| Slaughterhouse | 3 | |
| Nerubian Tower | 1 | |
| Tree of Life | 10 | |
| Moon Well | 16 | |
| Hunter's Hall | 4 | |
| Ancient Protector | 11 | |
| Tree of Ages | 1 | |
| Altar of Elders | 1 | |
| Tree of Eternity | 1 | |
137 total
» build order
00:07 Crypt
00:09 Ziggurat
00:38 Altar of Darkness
00:53 Ziggurat
01:50 Graveyard
02:15 Tomb of Relics
02:22 Tomb of Relics
02:24 Tomb of Relics
03:17 Halls of the Dead
05:16 Ziggurat
05:17 Ziggurat
07:47 Ziggurat
07:48 Ziggurat
07:48 Ziggurat
07:48 Ziggurat
07:50 Ziggurat
07:50 Ziggurat
09:00 Spirit Tower
09:30 Black Citadel
10:18 Necropolis
10:28 Ziggurat
10:28 Ziggurat
10:29 Ziggurat
10:29 Ziggurat
10:29 Ziggurat
10:30 Ziggurat
10:30 Ziggurat
10:58 Spirit Tower
12:56 Sacrificial Pit
14:18 Spirit Tower
16:38 Slaughterhouse
16:39 Slaughterhouse
16:40 Slaughterhouse
16:43 Spirit Tower
16:45 Ziggurat
16:46 Ziggurat
16:46 Ziggurat
16:47 Ziggurat
16:49 Ziggurat
16:49 Ziggurat
16:50 Ziggurat
20:59 Necropolis
21:03 Ziggurat
21:04 Ziggurat
21:04 Ziggurat
21:04 Ziggurat
21:05 Ziggurat
21:05 Ziggurat
21:06 Ziggurat
21:09 Ziggurat
21:09 Ziggurat
21:12 Ziggurat
21:13 Ziggurat
21:15 Ziggurat
21:16 Ziggurat
21:17 Ziggurat
21:18 Ziggurat
21:20 Ziggurat
21:22 Ziggurat
21:23 Ziggurat
21:27 Ziggurat
21:27 Ziggurat
21:32 Ziggurat
22:24 Nerubian Tower
22:29 Graveyard
24:32 Spirit Tower
24:35 Spirit Tower
24:35 Spirit Tower
24:36 Spirit Tower
25:25 Spirit Tower
25:25 Spirit Tower
25:25 Spirit Tower
26:29 Spirit Tower
28:35 Tree of Life
30:34 Moon Well
30:34 Moon Well
30:34 Moon Well
30:37 Moon Well
30:38 Moon Well
30:38 Moon Well
30:43 Hunter's Hall
32:00 Ancient Protector
32:02 Ancient Protector
32:45 Ziggurat
32:47 Necropolis
32:52 Ziggurat
32:58 Graveyard
33:19 Altar of Darkness
33:29 Hunter's Hall
34:50 Ancient Protector
34:50 Ancient Protector
34:51 Ancient Protector
34:51 Ancient Protector
34:52 Ancient Protector
34:53 Ancient Protector
34:55 Ancient Protector
34:59 Ancient Protector
35:00 Ancient Protector
35:17 Spirit Tower
36:28 Tomb of Relics
36:29 Halls of the Dead
36:36 Ziggurat
36:36 Ziggurat
36:37 Ziggurat
36:39 Ziggurat
36:40 Ziggurat
36:52 Ziggurat
38:10 Ziggurat
38:10 Ziggurat
38:10 Ziggurat
39:22 Ziggurat
41:04 Tree of Life
41:20 Tree of Life
42:56 Tree of Life
43:30 Tree of Life
44:31 Tree of Life
44:40 Hunter's Hall
54:08 Tree of Life
63:05 Hunter's Hall
63:12 Moon Well
63:12 Moon Well
63:13 Moon Well
63:13 Moon Well
63:14 Moon Well
63:14 Moon Well
63:15 Moon Well
63:16 Moon Well
71:05 Tree of Ages
71:59 Tree of Life
72:30 Tree of Life
72:57 Tree of Life
73:29 Altar of Elders
74:42 Moon Well
74:51 Tree of Eternity
» items
| Rod of Necromancy | 1 | |
| Periapt of Vitality | 1 | |
| Scroll of Town Portal | 3 | |
| Potion of Lesser Invulnerability | 1 | |
| Orb of Lightning | 3 | |
| Tome of Retraining | 1 | |
| Potion of Invisibility | 2 | |
| Staff of Teleportation | 3 | |
15 total
TimeForMiracles (
green | 49 APM | 234 actions | 04:45)
1 Tauren Chieftain
1 Shockwave
» actions
| Build / train | 17 | |
| Enter build submenu | 8 | |
| Enter hero's abilities submenu | 1 | |
| Right click | 115 | |
| Select / deselect | 83 | |
| Use ability | 10 | |
234 total
» units
» upgrades
» buildings
| Altar of Storms | 1 | |
| Orc Burrow | 3 | |
| Voodoo Lounge | 1 | |
| Barracks | 1 | |
| War Mill | 1 | |
7 total
» build order
00:07 Altar of Storms
00:11 Orc Burrow
00:40 Voodoo Lounge
01:06 Orc Burrow
01:51 Barracks
02:44 War Mill
03:20 Orc Burrow
» items

»
O.A.T. (
orange | 31 APM | 625 actions | 20:28)
4 Keeper of the Grove
1 Force of Nature
2 Entangling Roots
1 Thorns Aura
» actions
| Basic commands | 12 | |
| Build / train | 76 | |
| Enter build submenu | 23 | |
| Enter hero's abilities submenu | 4 | |
| Right click | 275 | |
| Select / deselect | 189 | |
| Use ability | 46 | |
625 total
» units
| Wisp | 17 | |
| Archer | 3 | |
| Huntress | 5 | |
| Grunt | 6 | |
| Hippogryph | 3 | |
| Raider | 9 | |
| Shaman | 3 | |
| Chimaera | 7 | |
53 total
» upgrades
| Strength of the Wild | 3 | |
| Reinforced Hides | 1 | |
| Melee Weapons | 3 | |
| Strength of the Moon | 1 | |
| Upgrade Moon Glaive | 1 | |
| Ensnare | 1 | |
| Shaman Training | 2 | |
| Armor | 1 | |
| Corrosive Breath | 1 | |
14 total
» buildings
| Moon Well | 8 | |
| Altar of Elders | 1 | |
| Hunter's Hall | 1 | |
| Ancient of War | 1 | |
| Ancient Protector | 1 | |
| Tree of Ages | 1 | |
| Stronghold | 1 | |
| Tree of Eternity | 1 | |
| Ancient of Wind | 1 | |
| Ancient of Wonders | 1 | |
| Spirit Lodge | 1 | |
| Beastiary | 1 | |
| Chimaera Roost | 2 | |
| Fortress | 1 | |
| Orc Burrow | 5 | |
27 total
» build order
00:13 Moon Well
00:18 Altar of Elders
01:27 Hunter's Hall
01:41 Moon Well
02:00 Ancient of War
02:36 Ancient Protector
03:03 Tree of Ages
05:00 Stronghold
05:27 Tree of Eternity
05:31 Ancient of Wind
07:31 Ancient of Wonders
07:57 Spirit Lodge
08:01 Beastiary
10:13 Chimaera Roost
10:30 Moon Well
10:36 Fortress
10:49 Orc Burrow
10:55 Orc Burrow
11:08 Moon Well
11:48 Moon Well
11:56 Moon Well
12:27 Orc Burrow
12:31 Orc Burrow
12:53 Moon Well
13:47 Orc Burrow
15:56 Chimaera Roost
20:20 Moon Well
team 2 (winner)
Sith_Elves (
blue | 31 APM | 2425 actions | 77:16)
7 Priestess of the Moon
3 Searing Arrows
3 Trueshot Aura
1 Starfall
» actions
| Basic commands | 58 | |
| Build / train | 111 | |
| ESC pressed | 6 | |
| Enter build submenu | 22 | |
| Enter hero's abilities submenu | 7 | |
| Remove unit from queue | 8 | |
| Right click | 1620 | |
| Select / deselect | 563 | |
| Use ability | 30 | |
2425 total
» units
| Wisp | 21 | |
| Huntress | 10 | |
| Chimaera | 34 | |
| Archer | 13 | |
78 total
» upgrades
| Ultravision | 1 | |
| Sentinel | 1 | |
| Strength of the Wild | 3 | |
| Reinforced Hides | 3 | |
| Upgrade Moon Glaive | 1 | |
| Well Spring | 1 | |
| Corrosive Breath | 1 | |
| Marksmanship | 1 | |
| Improved Bows | 1 | |
| Strength of the Moon | 1 | |
| Moon Armor | 1 | |
15 total
» buildings
| Moon Well | 7 | |
| Altar of Elders | 1 | |
| Ancient of War | 4 | |
| Hunter's Hall | 1 | |
| Tree of Ages | 1 | |
| Ancient of Wind | 1 | |
| Tree of Eternity | 1 | |
| Chimaera Roost | 2 | |
| Tree of Life | 4 | |
22 total
» build order
00:05 Moon Well
00:07 Altar of Elders
00:30 Ancient of War
01:29 Moon Well
02:11 Hunter's Hall
02:26 Moon Well
02:50 Moon Well
03:17 Tree of Ages
05:44 Ancient of Wind
06:21 Tree of Eternity
08:19 Moon Well
08:21 Moon Well
09:11 Chimaera Roost
09:12 Chimaera Roost
09:51 Tree of Life
10:23 Moon Well
13:47 Tree of Life
35:18 Ancient of War
35:19 Ancient of War
35:22 Ancient of War
46:19 Tree of Life
46:24 Tree of Life
JacobLeftUs (
red | 69 APM | 5322 actions | 77:16)
5 Death Knight
2 Death Coil
3 Unholy Aura
5 Crypt Lord
3 Carrion Beetles
2 Spiked Carapace
» actions
| Assign group hotkey | 55 | |
| Basic commands | 1080 | |
| Build / train | 159 | |
| ESC pressed | 4 | |
| Enter build submenu | 72 | |
| Enter hero's abilities submenu | 10 | |
| Give item / drop item | 17 | |
| Right click | 1394 | |
| Select / deselect | 765 | |
| Select group hotkey | 1531 | |
| Use ability | 235 | |
5322 total
» units
| Acolyte | 26 | |
| Ghoul | 6 | |
| Crypt Fiend | 7 | |
| Goblin Zeppelin | 7 | |
| Goblin Shredder | 1 | |
| Frost Wyrm | 6 | |
| Obsidian Statue | 2 | |
| Gargoyle | 5 | |
| Blue Drake | 1 | |
| Blue Dragon Whelp | 1 | |
62 total
» upgrades
| Creature Attack | 3 | |
| Web | 1 | |
| Burrow | 1 | |
| Creature Carapace | 3 | |
| Destroyer Form | 1 | |
| Backpack | 1 | |
| Ghoul Frenzy | 1 | |
| Cannibalize | 1 | |
| Disease Cloud | 1 | |
| Freezing Breath | 1 | |
| Exhume Corpses | 1 | |
| Stone Form | 1 | |
| Unholy Armor | 3 | |
| Unholy Strength | 3 | |
22 total
» buildings
| Crypt | 13 | |
| Graveyard | 3 | |
| Altar of Darkness | 3 | |
| Ziggurat | 33 | |
| Tomb of Relics | 2 | |
| Nerubian Tower | 7 | |
| Halls of the Dead | 9 | |
| Necropolis | 3 | |
| Spirit Tower | 20 | |
| Black Citadel | 5 | |
| Slaughterhouse | 1 | |
| Sacrificial Pit | 2 | |
| Boneyard | 7 | |
108 total
» build order
00:08 Crypt
00:11 Graveyard
00:42 Altar of Darkness
00:58 Ziggurat
01:24 Tomb of Relics
01:26 Tomb of Relics
02:03 Ziggurat
02:30 Nerubian Tower
03:49 Halls of the Dead
03:50 Halls of the Dead
03:50 Halls of the Dead
05:02 Necropolis
05:36 Ziggurat
07:14 Ziggurat
07:17 Ziggurat
08:07 Nerubian Tower
08:08 Nerubian Tower
08:09 Spirit Tower
08:09 Spirit Tower
08:11 Ziggurat
09:09 Spirit Tower
09:11 Black Citadel
09:38 Necropolis
09:45 Ziggurat
10:02 Spirit Tower
10:03 Spirit Tower
10:05 Ziggurat
10:14 Slaughterhouse
11:02 Spirit Tower
11:02 Spirit Tower
11:19 Ziggurat
11:22 Ziggurat
13:40 Sacrificial Pit
13:43 Spirit Tower
13:44 Spirit Tower
13:45 Ziggurat
13:53 Ziggurat
13:54 Ziggurat
13:55 Ziggurat
13:57 Ziggurat
13:58 Ziggurat
14:00 Ziggurat
14:38 Boneyard
14:39 Boneyard
14:41 Boneyard
14:42 Boneyard
15:38 Spirit Tower
16:16 Boneyard
23:04 Ziggurat
23:05 Ziggurat
23:06 Ziggurat
23:07 Ziggurat
23:08 Ziggurat
23:08 Ziggurat
23:25 Crypt
23:26 Crypt
23:27 Crypt
23:28 Crypt
23:28 Crypt
24:10 Spirit Tower
24:11 Spirit Tower
24:11 Spirit Tower
24:16 Spirit Tower
24:17 Spirit Tower
31:48 Necropolis
33:14 Halls of the Dead
37:06 Crypt
37:06 Crypt
37:07 Crypt
37:07 Crypt
37:09 Crypt
37:09 Crypt
37:10 Crypt
37:15 Altar of Darkness
37:57 Graveyard
42:08 Ziggurat
42:08 Ziggurat
42:09 Ziggurat
42:09 Ziggurat
42:10 Ziggurat
48:43 Halls of the Dead
48:43 Halls of the Dead
48:44 Graveyard
48:48 Ziggurat
57:00 Sacrificial Pit
58:08 Altar of Darkness
58:53 Ziggurat
59:58 Nerubian Tower
59:58 Nerubian Tower
59:58 Nerubian Tower
60:00 Ziggurat
60:05 Black Citadel
60:05 Black Citadel
60:09 Ziggurat
61:02 Spirit Tower
63:30 Boneyard
63:31 Boneyard
73:06 Ziggurat
» items
| Rod of Necromancy | 5 | |
| Orb of Corruption | 2 | |
| Potion of Invisibility | 2 | |
| Scroll of Town Portal | 4 | |
| Potion of Mana | 2 | |
| Staff of Teleportation | 2 | |
| Periapt of Vitality | 1 | |
18 total
walmartpimp (
yellow | 56 APM | 3737 actions | 67:19)
5 Mountain King
3 Storm Bolt
2 Bash
» actions
| Assign group hotkey | 53 | |
| Basic commands | 366 | |
| Build / train | 81 | |
| ESC pressed | 8 | |
| Enter build submenu | 41 | |
| Enter hero's abilities submenu | 5 | |
| Give item / drop item | 1 | |
| Right click | 863 | |
| Select / deselect | 420 | |
| Select group hotkey | 1814 | |
| Use ability | 80 | |
3737 total
» units
| Peasant | 21 | |
| Mortar Team | 7 | |
| Siege Engine | 9 | |
| Blue Dragon | 3 | |
| Blue Drake | 1 | |
| Blue Dragon Whelp | 1 | |
42 total
» upgrades
| Masonry | 3 | |
| Lumber Harvesting | 2 | |
| Gunpowder | 3 | |
| Flare | 1 | |
| Barrage | 1 | |
| Plating | 3 | |
| Fragmentation Shards | 1 | |
14 total
» buildings
| Altar of Kings | 1 | |
| Farm | 12 | |
| Lumber Mill | 3 | |
| Scout Tower | 13 | |
| Guard Tower | 10 | |
| Keep | 1 | |
| Arcane Tower | 2 | |
| Town Hall | 3 | |
| Blacksmith | 1 | |
| Workshop | 3 | |
| Arcane Vault | 1 | |
| Castle | 1 | |
51 total
» build order
00:08 Altar of Kings
00:22 Farm
00:24 Farm
00:58 Lumber Mill
01:07 Lumber Mill
01:17 Lumber Mill
02:30 Scout Tower
02:34 Scout Tower
02:39 Scout Tower
02:58 Guard Tower
03:03 Guard Tower
03:08 Guard Tower
03:15 Keep
03:21 Scout Tower
03:27 Scout Tower
03:31 Scout Tower
03:50 Guard Tower
03:54 Scout Tower
03:57 Guard Tower
04:05 Scout Tower
04:11 Scout Tower
04:14 Guard Tower
04:29 Guard Tower
04:34 Scout Tower
04:58 Guard Tower
05:18 Arcane Tower
05:26 Guard Tower
05:38 Scout Tower
05:42 Scout Tower
06:03 Scout Tower
06:13 Guard Tower
06:45 Town Hall
07:05 Farm
07:07 Farm
07:08 Farm
07:18 Blacksmith
07:43 Farm
07:45 Farm
07:52 Arcane Tower
08:34 Workshop
08:39 Workshop
08:50 Workshop
10:04 Farm
10:05 Farm
10:07 Farm
10:30 Arcane Vault
11:03 Castle
13:40 Farm
13:41 Farm
35:47 Town Hall
46:12 Town Hall
» items
| Boots of Speed | 1 | |
| Staff of Teleportation | 1 | |
| Scroll of Town Portal | 1 | |
| Orb of Fire | 1 | |
| Staff of Sanctuary | 1 | |
5 total

»
Just-Bought-WC3 (
pink | 39 APM | 2537 actions | 64:25)
8 Archmage
3 Blizzard
3 Brilliance Aura
1 Mass Teleport
1 Summon Water Elemental
» actions
| Assign group hotkey | 17 | |
| Basic commands | 87 | |
| Build / train | 143 | |
| ESC pressed | 8 | |
| Enter build submenu | 31 | |
| Enter hero's abilities submenu | 8 | |
| Give item / drop item | 2 | |
| Right click | 1085 | |
| Select / deselect | 936 | |
| Select group hotkey | 59 | |
| Use ability | 161 | |
2537 total
» units
| Peasant | 18 | |
| Goblin Shredder | 1 | |
| Siege Engine | 17 | |
| Flying Machine | 35 | |
| Goblin Zeppelin | 8 | |
79 total
» upgrades
| Gunpowder | 3 | |
| Masonry | 3 | |
| Barrage | 1 | |
| Plating | 4 | |
| Flak Cannons | 1 | |
| Flying Machine Bombs | 1 | |
13 total
» buildings
| Altar of Kings | 1 | |
| Farm | 11 | |
| Arcane Vault | 1 | |
| Scout Tower | 1 | |
| Arcane Tower | 1 | |
| Keep | 1 | |
| Town Hall | 2 | |
| Lumber Mill | 1 | |
| Blacksmith | 2 | |
| Castle | 1 | |
| Workshop | 12 | |
34 total
» build order
00:24 Altar of Kings
00:39 Farm
01:08 Arcane Vault
01:22 Farm
01:37 Farm
01:46 Scout Tower
02:14 Arcane Tower
04:03 Keep
04:54 Town Hall
05:11 Lumber Mill
05:47 Blacksmith
06:29 Castle
06:34 Blacksmith
06:51 Town Hall
07:45 Workshop
07:49 Workshop
08:42 Workshop
08:44 Workshop
09:58 Farm
09:59 Farm
10:01 Farm
10:01 Farm
10:51 Farm
10:52 Farm
11:14 Farm
11:14 Farm
27:04 Workshop
27:05 Workshop
27:09 Workshop
27:13 Workshop
27:40 Workshop
28:15 Workshop
29:21 Workshop
29:23 Workshop
» items
| Scroll of Regeneration | 7 | |
| Lesser Clarity Potion | 5 | |
| Circlet of Nobility | 1 | |
| Boots of Speed | 1 | |
| Potion of Invisibility | 9 | |
| Scroll of Town Portal | 8 | |
| Potion of Healing | 3 | |
| Potion of Mana | 1 | |
35 total
Chat log
(00:20 / All) IDontTakeDope: it's there in the bible
(00:25 / All) IDontTakeDope: that I'll go to heaven
(00:28 / All) IDontTakeDope: cuz I don't take dope
(00:32 / All) IDontTakeDope: you damn right!
(00:47 / Allies) Sith_Elves: plan?
(00:47 / All) IDontTakeDope: builder aco is good
(00:50 / All) JacobLeftUs: Dope is for evil stoners
(00:57 / All) JacobLeftUs: they will all burn in Hell
(01:06 / Allies) JacobLeftUs: invisible crypt lord
(01:23 / All) IDontTakeDope: they shoullda named gargoyles vampires
(01:27 / All) IDontTakeDope: and gave them v hotkey
(01:45 / All) JacobLeftUs: they would be like the characters from the best book ever written then
(01:46 / Allies) Sith_Elves: ill go hunts
(01:47 / All) JacobLeftUs: of the same name
(02:17 / All) JacobLeftUs: not from the same name what the fuck am I saying, that fell apart
(02:28 / All) IDontTakeDope: loz
(02:34 / All) IDontTakeDope: tried to make shop 3 times
(02:39 / All) JacobLeftUs: mass shop
(02:55 / All) JacobLeftUs: FUCK I WENT DK FIRST INSTEAD OF CRYPT LORD
(04:45 / All) IDontTakeDope: stop you!
(08:26 / Allies) Sith_Elves: chims
(13:26 / Allies) Sith_Elves: ready to attack?
(15:45 / All) Sith_Elves: lol
(16:16 / Allies) Just-Bought-WC3: move
(16:55 / All) walmartpimp: LOL
(17:21 / All) JacobLeftUs: this is a next level tactic
(17:50 / All) Just-Bought-WC3: lol orange
(17:56 / All) IDontTakeDope: waaaah
(17:59 / All) IDontTakeDope: boohoo
(18:06 / All) IDontTakeDope: someone doesn't play exactly the awy I want them to
(19:55 / All) walmartpimp: LOL
(20:27 / All) JacobLeftUs: stay
(21:18 / All) walmartpimp: lol
(21:37 / All) walmartpimp: ahhahahaha
(22:10 / All) IDontTakeDope: what are you laughing at
(22:13 / Allies) Sith_Elves: did all my chims die? xD
(22:15 / All) IDontTakeDope: I wasn't controlling those units
(22:17 / All) walmartpimp: U NOOB
(22:41 / Allies) Sith_Elves: rofl red
(24:45 / Allies) Sith_Elves: holy shizz
(24:50 / Allies) Sith_Elves: rofk
(24:54 / Allies) Sith_Elves: rofl*
(24:59 / All) IDontTakeDope: I liked yellow's cocky "lols" when I wasn't even aware those heroes existed
(25:20 / All) IDontTakeDope: 55-65
(25:21 / All) IDontTakeDope: not a noob
(26:16 / Allies) Sith_Elves: help?
(28:37 / All) Just-Bought-WC3: lol re dis really tough :)
(29:16 / All) JacobLeftUs: You faggots lost
(29:17 / All) JacobLeftUs: Leave
(29:26 / Allies) Just-Bought-WC3: not really :)
(30:39 / Allies) Sith_Elves: red
(30:41 / Allies) Sith_Elves: ..
(30:42 / Allies) Sith_Elves: lol
(32:39 / Allies) Sith_Elves: stop being annoying red -__-
(32:53 / Allies) Just-Bought-WC3: lol he thinsk the reson why we won is him :)
(32:54 / Allies) Sith_Elves: just finish this
(33:58 / All) Just-Bought-WC3: im just gonna kite you red
(34:01 / Allies) Just-Bought-WC3: i have 2 tps
(34:04 / All) Just-Bought-WC3: i have 2 tps
(34:05 / All) Just-Bought-WC3: :)
(34:11 / Allies) Just-Bought-WC3: mass teleport and scroll
(43:34 / Allies) Just-Bought-WC3: no
(43:37 / Allies) Just-Bought-WC3: hes not building
(43:39 / Allies) Sith_Elves: why?
(43:40 / Allies) Just-Bought-WC3: he has no gold
(43:46 / Allies) Just-Bought-WC3: purpel has 23 gold
(43:53 / Allies) Sith_Elves: are we trying to make him leave?
(43:59 / Allies) Just-Bought-WC3: blue
(44:00 / Allies) Just-Bought-WC3: no
(44:04 / Allies) Just-Bought-WC3: we're tryign to kill all his base
(44:06 / Allies) Just-Bought-WC3: not reds
(44:07 / Allies) Just-Bought-WC3: but roanges
(44:09 / Allies) Just-Bought-WC3: damnit
(44:14 / Allies) Just-Bought-WC3: think
(44:16 / Allies) Sith_Elves: why is red attacking us again?
(44:17 / Allies) Just-Bought-WC3: use your head
(44:22 / Allies) Just-Bought-WC3: cause hes a dipshit?
(44:25 / Allies) Just-Bought-WC3: onyl way to win
(44:27 / Allies) Just-Bought-WC3: is kill off orange
(44:31 / Allies) Just-Bought-WC3: stop trying to killl red
(44:41 / Allies) Sith_Elves: but he is being an asshole -__-
(44:50 / Allies) Just-Bought-WC3: thats the whole point
(44:57 / Allies) Sith_Elves: i dont understand
(44:59 / Allies) Just-Bought-WC3: fucking just kill orange!!
(45:03 / Allies) Just-Bought-WC3: dotn fucking chase red
(45:18 / Allies) Sith_Elves: if red would stop killing us it would be a little easier
(45:25 / Allies) Just-Bought-WC3: bleu shut up
(45:28 / Allies) Just-Bought-WC3: hes a fuckign dick
(46:18 / Allies) Just-Bought-WC3: yellow
(46:24 / Allies) Just-Bought-WC3: fucking make a gyro
(46:25 / Allies) Just-Bought-WC3: and scout
(48:00 / Allies) Just-Bought-WC3: tree
(48:04 / Allies) Just-Bought-WC3: hiding
(48:08 / Allies) Sith_Elves: whisp
(48:12 / Allies) Just-Bought-WC3: no
(48:15 / Allies) Just-Bought-WC3: he has NO GOLD
(48:25 / Allies) Just-Bought-WC3: wer're you reading anythign i just typed???
(48:35 / Allies) Sith_Elves: i just want to end this
(48:41 / Allies) JacobLeftUs: then leave faggot
(48:42 / Allies) Just-Bought-WC3: then read what i just typed
(48:43 / Allies) Sith_Elves: without an asshole on our team attacking us
(48:47 / Allies) Just-Bought-WC3: scout for fucking ORANGE
(48:51 / Allies) Sith_Elves: are you like 5?
(48:52 / Allies) Just-Bought-WC3: how many tiems do i need to type it??
(48:56 / Allies) Sith_Elves: well
(49:02 / Allies) Sith_Elves: if red would allow that
(50:02 / Allies) walmartpimp: ATTACK HIS BASE
(50:37 / Allies) Sith_Elves: we have no units
(52:24 / All) Just-Bought-WC3: blue and yellow are fuckign retarded
(52:30 / Allies) walmartpimp: GOLD?
(52:34 / Allies) Just-Bought-WC3: stfu yellow
(52:42 / Allies) Sith_Elves: we need some damn units
(52:45 / All) Just-Bought-WC3: both of you are soo fuckign useless
(52:52 / Allies) Sith_Elves: and i am searching for fricken oj
(52:52 / Allies) walmartpimp: WHAT DID I DO?
(52:58 / All) Just-Bought-WC3: blue has no brain, hes been asking why red is killin gus
(53:00 / All) Just-Bought-WC3: well duh
(53:02 / All) Just-Bought-WC3: this is fuckign wc3
(53:31 / Allies) Sith_Elves: if i am searching for oj, im doing exactly watch you want
(53:40 / All) JacobLeftUs: No idea how I managed this stab
(53:41 / Allies) Just-Bought-WC3: yeah yet you make fuckign archers?
(53:45 / Allies) Just-Bought-WC3: great job
(53:52 / Allies) Sith_Elves: or make fucking chimeras
(53:53 / All) IDontTakeDope: excellent hiding
(53:56 / All) JacobLeftUs: My allies are pissed lol
(54:05 / All) Sith_Elves: -__-
(54:12 / All) IDontTakeDope: orange was a whiny brat
(54:16 / All) Just-Bought-WC3: blue and yellow use their penises to think
(54:25 / All) Sith_Elves: im a girl stupid
(54:31 / All) Just-Bought-WC3: no wonder
(54:35 / All) Just-Bought-WC3: you must be a fucking blonde
(54:52 / All) JacobLeftUs: You all lost to me 1v3
(54:55 / All) JacobLeftUs: How does this make you all feel?
(54:58 / All) IDontTakeDope: you're a nigger pink
(55:01 / All) JacobLeftUs: I am posting this replay on highper.ch to show all of my friends
(55:03 / All) IDontTakeDope: go pick some cotton and fuck off
(55:06 / All) JacobLeftUs: and we will all laugh at you
(55:08 / All) Just-Bought-WC3: lol red, we lost?? lmao
(55:18 / All) Just-Bought-WC3: LMAOOO!
(55:19 / Allies) walmartpimp: hahahaha
(55:22 / All) Just-Bought-WC3: red you're just that smart
(55:26 / All) Just-Bought-WC3: blue and yellow had no brains
(55:29 / Allies) walmartpimp: what a noob
(55:29 / All) JacobLeftUs: As well as my friend on the enemy team
(55:32 / All) JacobLeftUs: He will get the win
(55:59 / All) Just-Bought-WC3: you're basically backstabbed blue and yellow who had no brain
(56:03 / All) Sith_Elves: just wondering red, how old are you?
(56:07 / All) JacobLeftUs: 22
(56:21 / All) Sith_Elves: no wonder, still maturity of a 13 year old boy
(56:21 / All) Just-Bought-WC3: it doesnt matter how old he is
(56:22 / All) JacobLeftUs: All three of you were lobotomised cranially challenged shit-eating monkeys btw
(56:25 / All) JacobLeftUs: not just two of you
(56:26 / All) IDontTakeDope: epic game
(56:27 / Allies) walmartpimp: and take him out
(56:44 / All) IDontTakeDope: he gave me no warnings about anything and then orange bsed me lawl
(56:54 / All) JacobLeftUs: yeah no idea how I managed this game
(56:57 / All) IDontTakeDope: I had no units
(56:58 / All) walmartpimp: U SUCK BRO
(57:00 / All) Just-Bought-WC3: red we basically went siege, you spendt fuckign half and hr buidling air while wekilled their base
(57:02 / All) IDontTakeDope: and shit ton of gold
(57:15 / All) Just-Bought-WC3: so basically you had no balls but to backstab us when we weren't even ready
(57:20 / All) Just-Bought-WC3: you're just that bad
(57:24 / Allies) walmartpimp: so blue you doing anything?
(57:26 / All) IDontTakeDope: CONSTANT VIGILANCE
(57:27 / All) JacobLeftUs: Yeah and then I made tons of units from nothing
(57:29 / All) JacobLeftUs: and killed all of you
(57:30 / All) IDontTakeDope: AGAINST THE DARK ARTS
(57:39 / All) JacobLeftUs: That's far more impressivet han if I had everything ready
(57:40 / All) Just-Bought-WC3: yep, after we killed their bases
(57:43 / All) Sith_Elves: im just leaving my comp for a bit
(57:43 / All) Just-Bought-WC3: you're a fucking pussy
(57:45 / All) walmartpimp: i think blue is masterbating
(57:47 / All) JacobLeftUs: You didn't kill all of their bases obv
(57:51 / All) JacobLeftUs: or the victory screen would have played
(57:52 / All) Sith_Elves: afk
(57:57 / All) JacobLeftUs: Sure you are
(57:59 / All) JacobLeftUs: We watch the replays
(58:02 / All) JacobLeftUs: You people never go afk
(58:09 / All) Just-Bought-WC3: victory? LMAO only f blue and yellow had brains
(58:12 / All) Just-Bought-WC3: but guess not
(58:16 / All) Just-Bought-WC3: blue is a dumb blonde
(58:20 / All) JacobLeftUs: None of you had brains
(58:21 / All) Just-Bought-WC3: red uses his dick to think
(58:23 / All) walmartpimp: blue is watching porn
(58:29 / All) JacobLeftUs: You were all lobotomised in Big Mt.
(58:32 / All) IDontTakeDope: you don't have brains either pal
(58:33 / All) JacobLeftUs: They replaced it all with circuitry
(58:43 / All) JacobLeftUs: Remarkably all of you lobotomite teddy bears can all speak
(58:43 / All) IDontTakeDope: if you did you would have took all your siege tping around the map to avoid red
(58:49 / All) IDontTakeDope: and killed his expansions and unit producers
(58:55 / All) IDontTakeDope: never allowing him to strike you
(59:03 / All) Just-Bought-WC3: oh yay, so what you're saying is, if I had a brain I would've made shit to counter a fucking backstabbed?
(59:08 / All) Just-Bought-WC3: damn you're just that smart red
(59:12 / All) IDontTakeDope: You wouldn't have ENGAGED HIM
(59:17 / Allies) walmartpimp: red will kill himself
(59:20 / All) JacobLeftUs: All three of you had one person to defeat
(59:21 / All) JacobLeftUs: 3v1
(59:22 / All) Just-Bought-WC3: I obviously didn't
(59:23 / Allies) walmartpimp: hes noob
(59:23 / All) JacobLeftUs: You all still failed
(59:25 / All) IDontTakeDope: you would have made it impossible for him to build
(59:34 / All) Just-Bought-WC3: they spent like 15 mintus wasting their units
(59:37 / All) Just-Bought-WC3: trying to rape red
(59:47 / Allies) walmartpimp: what did you do?
(59:49 / All) Just-Bought-WC3: and i've been saying, dont fucking chase red
(59:52 / Allies) walmartpimp: beside narrate
(60:02 / All) Just-Bought-WC3: they acted like they had no brain
(60:11 / All) IDontTakeDope: this came down to 1 building at two different points I believe
(60:22 / All) walmartpimp: im waiting to watch red suicide
(60:27 / All) walmartpimp: this will be cool
(60:33 / All) IDontTakeDope: aren't you edgy
(60:34 / All) JacobLeftUs: I'll kill all of my buildings eventually
(60:36 / All) JacobLeftUs: to give all of you the loss
(60:41 / All) JacobLeftUs: if that is what you mean
(60:42 / All) Just-Bought-WC3: nah it came down with 3 fucking stupid allies
(60:43 / All) walmartpimp: sure
(60:51 / All) Just-Bought-WC3: red is just as smart as yellow and blue
(60:53 / All) walmartpimp: no probs
(60:56 / All) JacobLeftUs: I have almost everything queued up
(60:58 / All) JacobLeftUs: all the farms and halls
(61:12 / Allies) walmartpimp: oh no......1 loss
(61:14 / All) walmartpimp: LOL
(61:17 / Allies) walmartpimp: what a noob
(61:19 / All) JacobLeftUs: We have plaeyd you before
(61:39 / All) JacobLeftUs: http://highper.ch/walmartpimp%20becomes%20our%20ho
(61:41 / All) Just-Bought-WC3: if blue and yellow had brains, we would've had this
(61:46 / All) JacobLeftUs: You were entertaining then and are now, too
(61:47 / All) walmartpimp: suicide it bitch
(62:06 / All) IDontTakeDope: I liked his cockiness mixed with retardation
(62:15 / Allies) walmartpimp: my bitch, do it
(62:19 / All) JacobLeftUs: He was like that in the other game too
(62:20 / All) IDontTakeDope: lolling unable to tell I wasn't using my allies heroes
(62:26 / All) JacobLeftUs: (35:12 / All) walmartpimp: TOUGH ONLY ON A KEYBOARD
(62:28 / All) JacobLeftUs: He spammed that
(62:42 / All) walmartpimp: yeah
(62:44 / All) walmartpimp: i remember
(62:49 / All) JacobLeftUs: (39:20 / All) walmartpimp: GET YOUR ASS KICKED IN REAL LIFE TOO MANY TIMES
(62:50 / All) walmartpimp: noob on a keyboard
(62:58 / All) JacobLeftUs: (39:42 / All) walmartpimp: PEOPLE KEEP BEATING YOU UP AT SCHOOL
(62:59 / All) walmartpimp: HAHAHAHAAHAH
(63:04 / All) walmartpimp: HAHAAHHA
(63:05 / All) JacobLeftUs: (39:55 / All) walmartpimp: PULL YOUR UNDERWEAR OVER YOUR HEAD BRO
(63:06 / All) walmartpimp: what a noob
(63:12 / All) walmartpimp: LOL
(63:17 / All) walmartpimp: what a pussy
(63:20 / All) Just-Bought-WC3: yellow i hope this teaches you a lesson, cause obviously you and blue had no brains
(63:21 / All) JacobLeftUs: (40:44 / All) walmartpimp: LISTEN TO THIS CHUMP
(63:31 / All) walmartpimp: THIS IS AWESOME
(63:38 / All) JacobLeftUs: That it was, sir
(63:41 / All) JacobLeftUs: This was a great game
(63:46 / All) walmartpimp: love it
(63:58 / All) walmartpimp: pussy on a keyboard
(64:09 / All) JacobLeftUs: You said that last game we played you. Come up with something new, please
(64:10 / All) Just-Bought-WC3: im out, waste of time
(64:15 / All) walmartpimp: nah dude, i like it
(64:17 / All) Just-Bought-WC3: fucking blue and yellow, uninstall
(64:20 / All) JacobLeftUs: (33:46 / All) walmartpimp: real life pussy
(64:24 / All) Just-Bought-WC3: UNINSTALL AND NEVER PLAY AGAIN
(64:28 / All) walmartpimp: Yeah dude
(64:32 / All) walmartpimp: still true
(64:34 / All) JacobLeftUs: (33:14 / All) walmartpimp: computer pussy
(64:39 / All) walmartpimp: LOL
(64:41 / All) walmartpimp: HAHAHAHAHAAH
(64:44 / All) walmartpimp: THIS IS GREAT
(64:53 / All) walmartpimp: best game in a long time
(64:56 / All) Sith_Elves: omg you guys are still here?
(64:58 / All) JacobLeftUs: yeah me too
(64:59 / All) walmartpimp: great memories
(65:08 / All) JacobLeftUs: Glad I gave you such good memories bro
(65:09 / All) Sith_Elves: bahahaha
(65:13 / All) IDontTakeDope: crypt lord harass is good I'm sure
(65:18 / All) JacobLeftUs: yeah we have to try it next game
(65:20 / All) IDontTakeDope: this game isn't much a gauge
(65:22 / All) JacobLeftUs: I had perfect items for it here
(65:25 / All) JacobLeftUs: but bad game for it
(65:26 / All) IDontTakeDope: orange was fag plus your team
(65:27 / All) JacobLeftUs: and I went dk first by mistake
(65:40 / All) walmartpimp: could you hurry it up plz
(65:51 / All) Sith_Elves: yeah, atleast hurry it up xD
(65:54 / All) JacobLeftUs: No, I arranged the queueing in an inefficient manner and too lazy to redo it
(66:35 / All) IDontTakeDope: forgot level 3 beetles can burrow
(66:41 / All) JacobLeftUs: I love using that on expos
(66:43 / All) JacobLeftUs: to scout them
(66:46 / All) JacobLeftUs: and unburrow and get them canceled
(66:50 / All) walmartpimp: hey thanks red for the good memories....check you later pussy
(66:53 / All) JacobLeftUs: You're welcome!
(66:54 / All) IDontTakeDope: farseer is fun
(66:58 / Allies) Sith_Elves: i feel like red is the irl equiv of the joker xD
(67:01 / All) JacobLeftUs: Walmartpimp became our ho again
(67:11 / All) walmartpimp: gg!
(67:14 / All) JacobLeftUs: "i feel like red is the irl quiv of the joker xD" - Blue
(67:19 / All) JacobLeftUs: Good compliment
(67:24 / All) Sith_Elves: equiv*
(67:30 / All) Sith_Elves: gg
(67:31 / All) JacobLeftUs: yeah typo
(67:32 / All) JacobLeftUs: gg
(68:21 / All) IDontTakeDope: this is the bank robbing scene
(68:32 / All) JacobLeftUs: lol
(68:39 / All) IDontTakeDope: I'm walking out with the cash
(68:54 / All) JacobLeftUs: I didn't expect to pull this stab off at all
(68:57 / All) JacobLeftUs: doubt you expected me to either
(69:20 / All) IDontTakeDope: I thought you could do it but I had no info
(69:30 / All) IDontTakeDope: I wanted to say it ain't over when you thought yo ufailed
(69:35 / All) IDontTakeDope: cuz I was hiding trees
(69:45 / All) IDontTakeDope: too lazy at the time tho
(69:48 / All) JacobLeftUs: I thought you had nothing at all left
(70:02 / All) IDontTakeDope: came down to like 1 building at two diffferent points
(70:04 / All) JacobLeftUs: then I thought the hidden tree was your last building
(70:09 / All) IDontTakeDope: seperated by like 5 mintues
(70:13 / All) JacobLeftUs: so I was thinking FUCK IF I MESS THIS UP IT'S OVER
(70:13 / All) IDontTakeDope: lawl
(70:16 / All) IDontTakeDope: yellow did too
(70:31 / All) JacobLeftUs: I also made a mistake queueing there which I thought lowered my damage output enough that I lost
(70:32 / All) IDontTakeDope: i don't put all my eggs into one basket
(70:38 / All) JacobLeftUs: queued moving instead of attack I think
(70:49 / All) JacobLeftUs: I made sure to focus the ele instead of mk because it died faster and does a lot of damage
(70:54 / All) IDontTakeDope: still ahve the tree by your guys's tavern
(70:54 / All) JacobLeftUs: and tried to focus dragons but they ran away
(70:59 / All) JacobLeftUs: so I made sure to switch when they did
(71:47 / All) IDontTakeDope: you flew over my expo 1 minute after I said I was taking top right island'
(71:59 / All) JacobLeftUs: yeah I was queueing up archers at my base or something
(72:02 / All) JacobLeftUs: and went straight through it
(72:05 / All) JacobLeftUs: wasn't paying attention
(72:14 / All) JacobLeftUs: I messed up so many things this stab and still did it
(72:23 / All) IDontTakeDope: I could have got quite a bit of ancient protectors there if I ahd a couple more minutes
(73:52 / All) IDontTakeDope: seeing your chat shall be a treat
(73:58 / All) JacobLeftUs: It was pretty good
(74:00 / All) JacobLeftUs: allies were pissed
(74:13 / All) IDontTakeDope: they surely had to be majorly frustrated since it was so clsoe
(74:20 / All) IDontTakeDope: and they thought they won
(74:38 / All) JacobLeftUs: they were
(75:26 / All) IDontTakeDope: that's lame
(75:29 / All) JacobLeftUs: What?
(75:30 / All) IDontTakeDope: you can't buy dragon with your allies
(75:38 / All) IDontTakeDope: so I have no zigs I can't buy dragon
(75:42 / All) JacobLeftUs: yeah it's like that with items too, it tries to use your gold instead of theirs
(75:46 / All) IDontTakeDope: that could fuck someone if their teammates leave
(76:00 / All) IDontTakeDope: it's okay if it uses my gold but I should be allowed to buy it for them
(76:00 / All) JacobLeftUs: I once played a game where we would have won but I couldn't tp to my allies using the player I was controlling
(76:02 / All) JacobLeftUs: because I had no gold
(76:11 / All) JacobLeftUs: Last building
(76:14 / All) JacobLeftUs: Any last words, blue?
(76:57 / All) JacobLeftUs: Acos killing last building
(77:02 / All) JacobLeftUs: Not a whisper in the last moments
(77:06 / All) JacobLeftUs: not a sound
(77:14 / All) JacobLeftUs: Bella ciao! Vi ses! Valete!